Map: Base du roi Sejong EC

Players

zidar - Winner!

  • Race: Zerg Zerg
  • League: Gold
  • Spawn Location: 11:00

serg

  • Race: Zerg Zerg
  • League: Gold
  • Spawn Location: 5:00

VOD

Have the link to the VOD?

Description

Time

  • Played on: June 13, 2016, 2:06 p.m.
  • Length: 7:49
Show
View Real Time Build Order
Export as new Build Order

zidar Zerg - Winner!

Build Orders: Hatch First 

Get SALT Encoding   

  12  0:01  Drone  
  13  0:12  Overlord  
  13  0:17  Drone  
  14  0:31  Drone x2  
  14  0:35  Drone  
  17  0:55  Hatchery  
  16  1:08  Spawning Pool  
  15  1:15  Drone  
  15  1:16  Drone  
  17  1:19  Extractor  
  17  1:23  Drone  
  17  1:30  Drone  
  18  1:42  Overlord  
  18  1:56  Zergling x2  
  18  1:58  Queen  
  21  2:06  Queen  
  23  2:09  Zergling x4  
  25  2:18  Zergling x2  
  25  2:19  Zergling x2  
  27  2:25  Drone  
  27  2:35  Queen  
  29  2:42  Zergling x6  
  32  2:49  Metabolic Boost  
  32  2:54  Drone  
  33  3:16  Drone x3  
  35  4:06  Drone  
  36  4:14  Overlord x2  
  36  4:15  Overlord x6  
  32  4:36  Roach Warren  
  31  4:43  Zergling x22  
  42  4:57  Drone  
  42  4:59  Drone x2  
  43  5:26  Roach x5  
  53  5:36  Drone x3  
  53  5:40  Drone x5  
  61  5:49  Lair  
  61  5:54  Extractor, Drone  
  61  6:00  Roach x3  
  67  6:10  Extractor  
  66  6:12  Drone x3  
  66  6:14  Drone x2  
  66  6:15  Drone  
  72  6:25  Roach x2  
  76  6:29  Roach  
  78  6:36  Roach  
  78  6:37  Roach x5  
  90  7:05  Ravager  
  90  7:06  Ravager x2  
  90  7:08  Ravager, Hatchery  
  94  7:11  Roach x3  
  99  7:21  Overlord x2  
  99  7:22  Overlord x2  
Show
View Real Time Build Order
Export as new Build Order

serg Zerg 

Build Orders: Hatch First 

Get SALT Encoding   

  12  0:01  Drone  
  13  0:12  Overlord  
  13  0:34  Drone x3  
  16  0:46  Drone  
  17  1:02  Hatchery  
  16  1:16  Spawning Pool  
  15  1:24  Extractor, Drone x3  
  17  2:05  Zergling x2  
  17  2:06  Zergling x4  
  20  2:11  Queen  
  20  2:13  Queen  
  24  2:22  Overlord  
  24  2:42  Roach Warren  
  23  2:44  Drone x2  
  23  2:49  Lair  
  25  2:53  Drone  
  26  3:02  Drone x4  
  30  3:22  Drone x3  
  30  3:23  Drone  
  34  3:31  Extractor  
  33  3:38  Extractor, Evolution Chamber  
  33  3:41  Evolution Chamber  
  26  3:42  Roach, Spine Crawler  
  26  3:43  Roach  
  26  3:44  Roach  
  25  3:59  Roach  
  25  4:00  Roach  
  27  4:34  Drone  
  27  4:37  Drone  
  29  4:42  Hatchery  
  28  4:47  Drone  
  29  4:56  Glial Reconstitution  
  29  5:04  Overlord  
  28  5:47  Zerg Missile Weapons Level 1  
  28  5:48  Zerg Ground Armor Level 1  
  28  5:52  Drone  
  28  5:53  Drone x3  
  32  6:01  Drone  
  33  6:29  Drone x4  
  33  6:31  Drone x4  
  41  6:51  Spine Crawler  
  40  7:00  Roach  
  40  7:01  Roach  
  44  7:09  Overlord x2  
Tags
 
Add a new tag
Caveats
  • Supply blocks, unpowered buildings, or Contaminate may cause inaccurate times.
  • Supply counts are checked every 10 seconds.